cohdb
Replays
Latest Replays
All Replays
Popular Replays
Top Player Replays
Match Explorer
How It Works
Community
CoH3 Stats
Reddit
Sign in to upload your games and track your stats! →
Sign in with Steam
Match 47190773
Unlisted
Match 47190773
Overview
Messages
Build Orders
End
Panzerpioneer Squad
Selects Italian Combined Arms Battlegroup
Selects Bersaglieri Squad
Bersaglieri Squad
Bersaglieri Squad
Construct Light Support Kompanie
Selects Bersaglieri Bolster
Bersaglieri Squad
Fire Support Elements
Flakvierling Half-track
2.5-tonne Medical Truck
Bersaglieri Squad
Selects Breda Model 30 Light Machine Guns
Construct Panzerarmee Kommand
Selects Semovente da 75/18 Assault Gun
Emergency Repair Kits
Panzer III L Medium Tank
Selects Strafing Run
Panzer III L Medium Tank
Selects Artillery Cover
Artillery Cover
Strafing Run
Rapid Advance
Panzer III L Medium Tank
Strafing Run
Armored Reserves
Tungsten Core Ammunition
Vehicle Survival Package
Strafing Run
Artillery Cover
Qhunter
Boneless
[TGR] ImperialGuard
[ARC] Mouzeille ★ツ
[ARC] Frayal ★ツ
ILuvSilicon
0
0
Comments
sign in to comment!
No comments posted yet!